 Dungeon Crawl Stone Soup version 0.27-a0-1525-g1038ab4fd7 (webtiles) character file.

Game seed: 13301214013047626623

78 funkygono the Shield-Bearer (level 4, -5/41 HPs)
             Began as a Gnoll Fighter on July 10, 2021.
             Killed by divine providence
             ... invoked by an orc priest
              (8 damage)
             ... on level 3 of the Dungeon.
             The game lasted 00:08:23 (2151 turns).

funkygono the Shield-Bearer (Gnoll Fighter)         Turns: 2151, Time: 00:08:25

Health: -5/41      AC:  7    Str: 16    XL:     4   Next: 36%
Magic:  5/5        EV:  8    Int:  8    God:
Gold:   141        SH: 10    Dex: 11    Spells: 5/5 levels left

rFire    . . .     SeeInvis .   a - +0 long sword
rCold    . . .     Faith    .   c - +0 kite shield
rNeg     . . .     Spirit   .   b - +0 scale mail
rPois    .         Reflect  .   (no helmet)
rElec    .         Harm     .   (no cloak)
rCorr    .         Rampage  .   (no gloves)
Will     .....                  (no boots)
Stlth    ..........             (no amulet)
HPRegen  0.13/turn              (no ring)
MPRegen  0.09/turn              (no ring)

@: no status effects
A: fangs 1, strong nose, distributed training
a: no special abilities


You were on level 3 of the Dungeon.
You visited 1 branch of the dungeon, and saw 3 of its levels.

You collected 141 gold pieces.

Inventory:

Hand Weapons
 a - a +0 long sword (weapon)
Missiles
 f - 57 arrows
 h - 51 sling bullets
 o - 7 boomerangs (quivered)
Armour
 b - a +0 scale mail (worn)
 c - a +0 kite shield (worn)
 p - a +0 buckler
Magical Staves
 d - a staff of conjuration
 j - a staff of death
 n - a staff of poison
Scrolls
 e - a scroll of immolation
 i - a scroll of magic mapping
 m - a scroll of identify
Potions
 g - a potion of magic {unknown}
 k - a potion of heal wounds {unknown}
 l - a potion of haste {unknown}
 q - 2 potions of attraction


   Skills:
 + Level 6.6 Fighting
 + Level 1.1 Short Blades
 + Level 4.6 Long Blades
 + Level 1.1 Axes
 + Level 1.1 Maces & Flails
 + Level 1.1 Polearms
 + Level 1.1 Staves
 + Level 1.1 Slings
 + Level 1.1 Bows
 + Level 1.1 Crossbows
 + Level 1.1 Throwing
 + Level 6.6 Armour
 + Level 1.1 Dodging
 + Level 1.1 Stealth
 + Level 6.6 Shields
 + Level 1.1 Unarmed Combat
 + Level 1.1 Spellcasting
 + Level 0.8 Conjurations
 + Level 0.8 Hexes
 + Level 0.8 Summonings
 + Level 0.8 Necromancy
 + Level 0.8 Translocations
 + Level 0.8 Transmutations
 + Level 0.8 Fire Magic
 + Level 0.8 Ice Magic
 + Level 0.8 Air Magic
 + Level 0.8 Earth Magic
 + Level 0.8 Poison Magic
 + Level 1.2 Invocations
 + Level 1.1 Evocations


You had 5 spell levels left.
You didn't know any spells.
Your spell library was empty.

Dungeon Overview and Level Annotations

Branches:
Dungeon (3/15)

Altars:
Uskayaw

Shops:
D:2 [   D:3 (


Innate Abilities, Weirdness & Mutations

You have very sharp teeth.
Your uncanny sense of smell can sniff out nearby items.
Your experience applies equally to all skills.


Message History

You kill the jackal!
You block the bat's attack. The bat hits you but does no damage.
You block the bat's attack.
You hit the bat.
The bat is heavily wounded.
The bat barely misses you. You block the bat's attack.
Found a crooked smoking staff.
You closely miss the bat.
The bat is heavily wounded.
You block the bat's attack. The bat completely misses you.
You barely miss the bat.
The bat is heavily wounded.
You block the bat's attack. x2
You block the bat's attack.
You barely miss the bat. You bite the bat.
You kill the bat!
m - a scroll of identify
Found 10 gold pieces.
You see here a staff of poison.
n - a staff of poison An orc priest comes into view.
It is wielding a +1 dagger of electrocution.
The orc priest shouts!
You hear a shout!
You hit the orc priest but do no damage.
You block the orc priest's attack.
The orc priest hits you with a +1 dagger of electrocution.
You are electrocuted!
You barely miss the orc priest.
The orc priest mumbles some strange prayers to Beogh against you.
Beogh smites you!
You hit the orc priest but do no damage.
The orc priest hits you but does no damage.
You closely miss the orc priest.
The orc priest mumbles some strange prayers to Beogh against you.
Beogh smites you!
* * * LOW HITPOINT WARNING * * *
An orc comes into view. It is wielding a +0 dagger.
The orc priest invokes the aid of Beogh against you.
Beogh smites you!
You die...

...................
#.####...#######.##
#..##....#
####.##.#..#######.
#..................
o######.##.#..#######..#
.....................>.#
.....$.o.........####..#
#.######@......##.####..#
#.......................#
#.######.##....##.####..#
#.##....##... ...#
........#######..#
.........### ##...#
###.........###.PP.#
♣.♣...........♣P..
#.......#.##†PP♣.#


You could see an orc priest and an orc.

Vanquished Creatures
  An adder (D:2)
  A worm (D:2)
  2 dart slugs (D:1)
  2 endoplasms (D:1)
  A giant cockroach (D:1)
  5 goblins
  3 hobgoblins
  12 jackals
  7 kobolds
  2 quokkas (D:1)
  3 ball pythons
  10 bats
  3 frilled lizards
  2 rats (D:1)
  A bush (D:3)
55 creatures vanquished.

Vanquished Creatures (others)
  10 plants
10 creatures vanquished.

Grand Total: 65 creatures vanquished

Notes
Turn   | Place    | Note
-------+----------+-------------------------------------------
     0 | D:1      | funkygono the Gnoll Fighter began the quest for the Orb.
     0 | D:1      | Reached XP level 1. HP: 23/23 MP: 1/1
    41 | D:1      | Reached XP level 2. HP: 24/29 MP: 2/2
   367 | D:1      | Reached XP level 3. HP: 29/35 MP: 3/3
   456 | D:1      | Reached skill level 1 in Invocations
  1047 | D:2      | Reached skill level 1 in Short Blades
  1047 | D:2      | Reached skill level 1 in Axes
  1047 | D:2      | Reached skill level 1 in Maces & Flails
  1047 | D:2      | Reached skill level 1 in Polearms
  1047 | D:2      | Reached skill level 1 in Staves
  1047 | D:2      | Reached skill level 1 in Slings
  1047 | D:2      | Reached skill level 1 in Bows
  1047 | D:2      | Reached skill level 1 in Crossbows
  1047 | D:2      | Reached skill level 1 in Throwing
  1047 | D:2      | Reached skill level 1 in Dodging
  1047 | D:2      | Reached skill level 1 in Stealth
  1047 | D:2      | Reached skill level 1 in Unarmed Combat
  1047 | D:2      | Reached skill level 1 in Spellcasting
  1047 | D:2      | Reached skill level 1 in Evocations
  1143 | D:2      | Reached XP level 4. HP: 41/41 MP: 5/5
  1330 | D:2      | Found Iprafa's Antique Armour Shoppe.
  1799 | D:3      | Found a faded altar of an unknown god.
  1861 | D:3      | Found Jimank's Weapon Boutique.
  1902 | D:3      | Found a hide-covered altar of Uskayaw.
  2151 | D:3      | Killed from afar by an orc priest

Illustrated notes

Levels and vault maps discovered:
D:1:      denvon_arrival_planthouse, layout_rooms, minmay_tree_intersection
D:2:      wad_lake_hut, layout_rooms, serial_shops, shop,
          kennysheep_pointless_box
D:3:      layout_basic, general_overflow_altar, serial_forest,
          infiniplex_forest_corner_1, infiniplex_forest_fountain,
          infiniplex_forest_lined_4_way, infiniplex_forest_zigzag_1,
          infiniplex_forest_clump_small, infiniplex_forest_pool,
          infiniplex_forest_clump_curved, infiniplex_forest_straight_5,
          hellmonk_ecumenical_altar_crossroads, serial_shops, shop, minivault_14

Skill      XL: |  1  2  3 |
---------------+----------+-----
Invocations    | 1 |  1.2
Short Blades   | 1 |  1.1
Axes           | 1 |  1.1
Maces & Flails | 1 |  1.1
Polearms       | 1 |  1.1
Staves         | 1 |  1.1
Slings         | 1 |  1.1
Bows           | 1 |  1.1
Crossbows      | 1 |  1.1
Throwing       | 1 |  1.1
Dodging        | 1 |  1.1
Stealth        | 1 |  1.1
Unarmed Combat | 1 |  1.1
Spellcasting   | 1 |  1.1
Evocations     | 1 |  1.1
Fighting       | |  6.6
Long Blades    | |  4.6
Armour         | |  6.6
Shields        | |  6.6
Conjurations   | |  0.8
Hexes          | |  0.8
Summonings     | |  0.8
Necromancy     | |  0.8
Translocations | |  0.8
Transmutations | |  0.8
Fire Magic     | |  0.8
Ice Magic      | |  0.8
Air Magic      | |  0.8
Earth Magic    | |  0.8
Poison Magic   | |  0.8

Action                   |  1- 3 |  4- 6 || total
-------------------------+-------+-------++-------
Melee: Long sword        |    87 |   103 ||   190
       Bite              |    12 |    20 ||    32
Throw: Boomerang         |       |     2 ||     2
  Use: Potion            |     1 |       ||     1
       Scroll            |     2 |     3 ||     5
Armor: Scale mail        |    45 |    17 ||    62
Dodge: Dodged            |    28 |    14 ||    42
Block: Kite shield       |    59 |    23 ||    82
       Rpst.: Long sword |     8 |     4 ||    12

Table legend: (Time is in decaauts)
 A = Elapsed time spent in this place.
 B = Non-inter-level travel time spent in this place.
 C = Inter-level travel time spent in this place.
 D = Time resting spent in this place.
 E = Time spent auto-exploring this place.
 F = Levels seen in this place.
 G = Mean time per level.
                   A        B        C        D        E       F      G
               +--------+--------+--------+--------+--------+-----+--------+
         Total |   2259 |   2173 |     86 |    141 |   1480 |   3 |  753.0 |
       Dungeon |   2259 |   2173 |     86 |    141 |   1480 |   3 |  753.0 |
               +--------+--------+--------+--------+--------+-----+--------+

Top non-repeatable levels by time:
     D:2: 904 daAuts
     D:1: 876 daAuts
     D:3: 479 daAuts
